 Dungeon Crawl Stone Soup version 0.23.1 (webtiles) character file.

Game seed: 8868247012121350907

1402 gruber the Fighter (level 8, 0/78 HPs)
             Began as a Gnoll Wanderer on Mar 2, 2019.
             Was an Initiate of Okawaru.
             Slain by a gnoll sergeant
             ... wielding a +0 trident
              (8 damage)
             ... on level 6 of the Dungeon.
             The game lasted 00:08:30 (5701 turns).

gruber the Fighter (Gnoll Wanderer)                 Turns: 5701, Time: 00:08:31

Health: 0/78       AC:  5    Str: 15    XL:     8   Next: 69%
Magic:  13/13      EV: 12    Int: 18    God:    Okawaru [......]
Gold:   224        SH:  0    Dex: 13    Spells: 13/13 levels left

rFire    . . .     SeeInvis .   a - +2 hand axe
rCold    . . .     Gourm    .   (no shield)
rNeg     . . .     Faith    .   b - +0 ring mail
rPois    .         Spirit   .   (no helmet)
rElec    .         Reflect  .   (no cloak)
rCorr    .         Harm     .   (no gloves)
MR       .....                  (no boots)
Stlth    ++........             (no amulet)
HPRegen  0.23/turn              (no ring)
MPRegen  0.13/turn              (no ring)

@: no status effects
A: distributed training, fangs 1, strong nose
a: Renounce Religion


You were on level 6 of the Dungeon.
You worshipped Okawaru.
Okawaru was noncommittal.
You were hungry.

You visited 1 branch of the dungeon, and saw 6 of its levels.

You collected 224 gold pieces.

Inventory:

Hand Weapons
 a - a +2 hand axe (weapon)
 r - a +0 dagger of electrocution
Armour
 b - a +0 ring mail (worn)
Jewellery
 j - a +2 ring of strength
 p - a cursed amulet of inaccuracy {unknown}
Wands
 h - a wand of enslavement (10)
 l - a wand of polymorph (6)
 t - a wand of acid (5)
 x - a wand of digging (9)
Scrolls
 c - 10 scrolls of teleportation
 f - 3 scrolls of immolation {unknown}
 g - 4 scrolls of remove curse {unknown}
 i - 3 scrolls of identify {unknown}
 k - a scroll of magic mapping {unknown}
 o - 2 scrolls of enchant weapon {unknown}
 u - a scroll of noise {unknown}
 w - a scroll of vulnerability {unknown}
Potions
 e - a potion of berserk rage {unknown}
 m - 2 potions of brilliance
 n - a potion of cancellation {unknown}
 v - 2 potions of mutation {unknown}
Comestibles
 d - 9 rations


   Skills:
 + Level 12.4 Fighting
 + Level 3.4 Short Blades
 + Level 3.4 Long Blades
 + Level 4.3 Axes
 + Level 3.4 Maces & Flails
 + Level 3.4 Polearms
 + Level 3.4 Staves
 + Level 3.4 Slings
 + Level 3.4 Bows
 + Level 3.4 Crossbows
 + Level 3.4 Throwing
 + Level 4.3 Armour
 + Level 3.4 Dodging
 + Level 4.2 Stealth
 + Level 4.3 Shields
 + Level 3.4 Unarmed Combat
 + Level 3.4 Spellcasting
 + Level 2.8 Conjurations
 + Level 2.8 Hexes
 + Level 2.8 Charms
 + Level 2.8 Summonings
 + Level 2.8 Necromancy
 + Level 2.8 Translocations
 + Level 2.8 Transmutations
 + Level 2.8 Fire Magic
 + Level 2.8 Ice Magic
 + Level 2.8 Air Magic
 + Level 2.8 Earth Magic
 + Level 2.8 Poison Magic
 + Level 3.8 Invocations
 + Level 3.4 Evocations


You had 13 spell levels left.
You didn't know any spells.
Your spell library was empty.

Dungeon Overview and Level Annotations

Branches:
Dungeon (6/15)             Temple (0/1) D:6

Altars:
Fedhas
Kikubaaqudgha
Nemelex Xobeh
Okawaru
Wu Jian
Xom
Yredelemnul
Zin


Innate Abilities, Weirdness & Mutations

Your experience applies equally to all skills.
You have very sharp teeth.
Your uncanny sense of smell can sniff out nearby items.


Message History

The gnoll sergeant is lightly wounded.
The gnoll sergeant barely misses you. The gnoll sergeant blocks your attack.
You bite the gnoll sergeant, but do no damage.
The gnoll sergeant is lightly wounded.
The gnoll sergeant hits you with a +0 trident.
* * * LOW HITPOINT WARNING * * *
You hit the gnoll sergeant.
You bite the gnoll sergeant, but do no damage.
The gnoll sergeant is moderately wounded.
The gnoll sergeant hits you with a +0 trident.
* * * LOW HITPOINT WARNING * * *
The gnoll sergeant blocks your attack.
The gnoll sergeant is moderately wounded.
The gnoll sergeant hits you with a +0 trident.
* * * LOW HITPOINT WARNING * * *
The gnoll sergeant blocks your attack.
The gnoll sergeant is moderately wounded.
The gnoll sergeant hits you with a +0 trident!
You die...

#.....# #..####.
#.....# #..# #.
###.###.# #..####.
... #.# #....##.
###.###.# #.##.##. ∆
#.....# #.##.##.
##...## #.##.##.
##.....## #....(..
#..@†...# ##.#.###
#...g.....####....###
+.........+..........
#.........####....###
(.........## ##.#.#
..........## ###.#
..###....>## #.#
..#)#...+## #.# #..


You could see a gnoll sergeant.

Vanquished Creatures
  Pikel (D:5)
  Grinder (D:5)
  2 slaves (D:5)
  An ogre (D:4)
  A phantom (D:5)
  3 bullfrogs
  A scorpion (D:3)
  A gnoll shaman (D:5)
  A hound (D:6)
  2 orc wizards (D:3)
  3 worker ants
  A hound zombie (D:5)
  4 gnolls (D:5)
  4 adders
  An adder skeleton (D:4)
  2 worms
  A dart slug (D:1)
  5 leopard geckos
  5 orcs
  2 ball pythons
  11 bats
  5 giant cockroaches
  5 hobgoblins
  11 jackals
  5 kobolds
  2 quokkas
  3 frilled lizards
  3 goblins
  A jackal skeleton (D:4)
  7 rats
95 creatures vanquished.

Vanquished Creatures (others)
  A human (D:3)
1 creature vanquished.

Grand Total: 96 creatures vanquished

Notes
Turn   | Place    | Note
-------+----------+-------------------------------------------
     0 | D:1      | Reached skill level 12 in Fighting
     0 | D:1      | gruber the Gnoll Wanderer began the quest for the Orb.
     0 | D:1      | gruber set off with the following items: a +2 hand axe, a
                  | +0 ring mail, a scroll of teleportation, a ration
     0 | D:1      | Reached XP level 1. HP: 31/31 MP: 1/1
    69 | D:1      | Reached XP level 2. HP: 38/38 MP: 2/2
   369 | D:1      | Reached XP level 3. HP: 40/44 MP: 3/3
   711 | D:2      | Reached skill level 1 in Invocations
   862 | D:2      | Reached skill level 1 in Short Blades
   862 | D:2      | Reached skill level 1 in Long Blades
   862 | D:2      | Reached skill level 1 in Maces & Flails
   862 | D:2      | Reached skill level 1 in Polearms
   862 | D:2      | Reached skill level 1 in Staves
   862 | D:2      | Reached skill level 1 in Slings
   862 | D:2      | Reached skill level 1 in Bows
   862 | D:2      | Reached skill level 1 in Crossbows
   862 | D:2      | Reached skill level 1 in Throwing
   862 | D:2      | Reached skill level 1 in Dodging
   862 | D:2      | Reached skill level 1 in Unarmed Combat
   862 | D:2      | Reached skill level 1 in Spellcasting
   862 | D:2      | Reached skill level 1 in Evocations
   898 | D:2      | Reached XP level 4. HP: 45/51 MP: 5/5
   906 | D:2      | You fall through a shaft for 2 floors!
  1066 | D:3      | Reached skill level 1 in Conjurations
  1066 | D:3      | Reached skill level 1 in Hexes
  1066 | D:3      | Reached skill level 1 in Charms
  1066 | D:3      | Reached skill level 1 in Summonings
  1066 | D:3      | Reached skill level 1 in Necromancy
  1066 | D:3      | Reached skill level 1 in Translocations
  1066 | D:3      | Reached skill level 1 in Transmutations
  1066 | D:3      | Reached skill level 1 in Fire Magic
  1066 | D:3      | Reached skill level 1 in Ice Magic
  1066 | D:3      | Reached skill level 1 in Air Magic
  1066 | D:3      | Reached skill level 1 in Earth Magic
  1066 | D:3      | Reached skill level 1 in Poison Magic
  1066 | D:3      | Reached XP level 5. HP: 23/57 MP: 6/6
  1077 | D:3      | HP: 2/57 [orc wizard/puff of flame (7)]
  1369 | D:3      | Found an ancient bone altar of Kikubaaqudgha.
  1381 | D:3      | Noticed a human
  1382 | D:3      | Killed a human
  3021 | D:4      | Noticed an ogre
  3029 | D:4      | Killed an ogre
  3029 | D:4      | Reached XP level 6. HP: 49/64 MP: 8/8
  3590 | D:5      | Entered Level 5 of the Dungeon
  3590 | D:5      | Found a shimmering altar of Xom.
  3603 | D:5      | Found a basalt altar of Yredelemnul.
  3603 | D:5      | Found a blossoming altar of Fedhas.
  3603 | D:5      | Found a sparkling altar of Nemelex Xobeh.
  3605 | D:5      | Found a glowing silver altar of Zin.
  3606 | D:5      | Found an ornate altar of the Wu Jian Council.
  3943 | D:5      | Reached XP level 7. HP: 48/70 MP: 10/10
  3988 | D:5      | HP: 3/70 [poisoned by a worker ant]
  4352 | D:5      | Noticed Grinder
  4377 | D:5      | Killed Grinder
  4657 | D:5      | Noticed Pikel
  4692 | D:5      | Killed Pikel
  4692 | D:5      | Reached XP level 8. HP: 20/78 MP: 12/12
  4920 | D:5      | Found an iron altar of Okawaru.
  5010 | D:5      | Became a worshipper of Warmaster Okawaru
  5252 | D:6      | Found a staircase to the Ecumenical Temple.
  5701 | D:6      | Slain by a gnoll sergeant

Skill      XL: |  1  2  3  4  5  6  7 |
---------------+----------------------+-----
Fighting       | | 12.4
Invocations    | 1 2 3 |  3.8
Short Blades   | 1 2 3 |  3.4
Long Blades    | 1 2 3 |  3.4
Maces & Flails | 1 2 3 |  3.4
Polearms       | 1 2 3 |  3.4
Staves         | 1 2 3 |  3.4
Slings         | 1 2 3 |  3.4
Bows           | 1 2 3 |  3.4
Crossbows      | 1 2 3 |  3.4
Throwing       | 1 2 3 |  3.4
Dodging        | 1 2 3 |  3.4
Unarmed Combat | 1 2 3 |  3.4
Spellcasting   | 1 2 3 |  3.4
Evocations     | 1 2 3 |  3.4
Conjurations   | 1 2 |  2.8
Hexes          | 1 2 |  2.8
Charms         | 1 2 |  2.8
Summonings     | 1 2 |  2.8
Necromancy     | 1 2 |  2.8
Translocations | 1 2 |  2.8
Transmutations | 1 2 |  2.8
Fire Magic     | 1 2 |  2.8
Ice Magic      | 1 2 |  2.8
Air Magic      | 1 2 |  2.8
Earth Magic    | 1 2 |  2.8
Poison Magic   | 1 2 |  2.8
Axes           | 3 4 |  4.3
Armour         | 3 4 |  4.3
Shields        | 3 4 |  4.3
Stealth        | 3 4 |  4.2

Action                   |  1- 3 |  4- 6 |  7- 9 || total
-------------------------+-------+-------+-------++-------
Melee: Hand axe          |    82 |   158 |    98 ||   338
       Bite              |     7 |    15 |    12 ||    34
       Punch             |     1 |     3 |       ||     4
Evoke: Wand              |       |     1 |     3 ||     4
  Use: Potion            |       |     3 |     6 ||     9
 Stab: Sleeping          |     4 |     4 |       ||     8
       Invisible         |       |       |     4 ||     4
       Distracted        |       |       |     1 ||     1
  Eat: Chunk             |       |     5 |     6 ||    11
       Ration            |       |     1 |       ||     1
Armor: Ring mail         |    49 |    54 |    19 ||   122
Dodge: Dodged            |    53 |   101 |    55 ||   209
